 Dungeon Crawl Stone Soup version 0.15.0-14-g6bbbb5c (webtiles) character file.

141 Kashira the Sneak (level 5, -1/42 HPs)
             Began as a Naga Enchanter on Sept 5, 2014.
             Killed from afar by Dowan (9 damage)
             ... with a puff of frost
             ... on Level 4 of the Dungeon.
             The game lasted 00:12:25 (2547 turns).

Kashira the Sneak (Naga Enchanter)                  Turns: 2547, Time: 00:12:27

HP  -1/42        AC  3     Str 10      XL: 5   Next: 24%
MP   4/11        EV 14     Int 15      God:
Gold 83          SH  3     Dex 13      Spells:  2 memorised,  6 levels left

rFire  . . .     SeeInvis +     a - +1 dagger
rCold  . . .     Clarity  .     b - +1 robe
rNeg   . . .     rCorr    .     u - +0 buckler
rPois  +         rRot     .     (no helmet)
rElec  .         Spirit   .     (no cloak)
SustAb .         Warding  .     (no gloves)
rMut   .         Stasis   .     (no barding)
Gourm  .                        (no amulet)
MR     .....                    (no ring)
                                m - +5 ring of evasion

@: very slightly contaminated, very slow, not resistant to hostile enchantments,
fairly stealthy
A: spit poison, see invisible, deformed body, poison resistance, slowness 2, AC
+1
a: Spit Poison


You were on level 4 of the Dungeon.
You were not hungry.

You visited 1 branch of the dungeon, and saw 4 of its levels.

You collected 83 gold pieces.

Inventory:

Hand weapons
 a - a +1 dagger (weapon)
Missiles
 f - 2 tomahawks of dispersal (quivered)
 p - 3 tomahawks
Armour
 b - a +1 robe (worn)
 u - a +0 buckler (worn)
Comestibles
 d - 3 bread rations
 j - a slice of pizza
 r - 3 fruits
Scrolls
 h - a scroll of fog {unknown}
 k - a scroll of enchant weapon {unknown}
 l - a scroll of enchant armour {unknown}
 s - a scroll of identify
Jewellery
 m - a +5 ring of evasion (left hand)
Potions
 e - a potion of cancellation
 i - 2 potions of agility {unknown}
 o - a potion of invisibility {unknown}
 q - a potion of haste {unknown}
 t - a potion of poison {unknown}
Books
 c - a book of Maledictions

   Spells                             Type                      Level
   *Corona                            Hexes                        1
   Sure Blade                         Hexes/Charms                 2
   Ensorcelled Hibernation            Hexes/Ice                    2
   Confuse                            Hexes                        3
   *Dazzling Spray                    Conjuration/Hexes            3
   Enslavement                        Hexes                        4


   Skills:
 + Level 0.2 Fighting
 - Level 1.1 Short Blades
 + Level 2.2 Dodging
 - Level 5.2 Stealth
 + Level 3.0 Spellcasting
 + Level 0.4 Conjurations
 + Level 4.2 Hexes


You had 6 spell levels left.
You knew the following spells:

 Your Spells              Type           Power        Failure   Level  Hunger
a - Corona                Hex            ##.....      6%          1    #......
b - Dazzling Spray        Conj/Hex       #.......     28%         3    ###....


Dungeon Overview and Level Annotations

Branches:
Dungeon (4/15)
 Temple: D:4-7

Altars:
Ashenzari
Kikubaaqudgha
Nemelex Xobeh
Okawaru

Annotations:
D:2 Ijyb
D:4 Dowan, Duvessa


Innate Abilities, Weirdness & Mutations

You cannot wear boots.
You can spit poison.
Your serpentine skin is tough (AC +1).
You have supernaturally acute eyesight.
Armour fits poorly on your strangely shaped body.
Your system is resistant to poisons.
You cover ground very slowly.


Message History

Unknown command.
Read which item? (? for menu, Esc to quit)
As you read the scroll labeled SEIWOD CUPT, it crumbles to dust.
You feel strangely unstable.
It was a scroll of teleportation.
The gnoll closely misses you.
The gnoll hits you from afar with a spear.
* * * LOW HITPOINT WARNING * * *
Unknown command.
The gnoll looks more healthy.
You block the gnoll's attack.
You have got your breath back.
Your surroundings suddenly seem different.
Dowan, Brother of Duvessa comes into view.
He is wielding a dagger.
Dowan shouts!
Duvessa, Sister of Dowan comes into view.
She is wielding a short sword.
Duvessa shouts!
Dowan casts a spell at you. You resist. Dowan casts a spell at you.
The puff of frost hits you!
You die...

#.. #.# ###.. #<# .... #.#
#.. #.# #..###<#
##....#.#### #...........
....########.##..##.......
#.....e@....#.. #...####
........e...r.........#
....................## ##
........#.....#####.# #.
#######.##...## #.# #. #.#
#.... #.# #. #.# ### #.#
##. #.# #.###.. #.# #.#
#......


You could see Duvessa, Dowan and a rat.

Vanquished Creatures
  6 adders
  2 giant mites
  A worm (D:3)
  A giant gecko (D:1)
  An ooze (D:3)
  An orc (D:3)
  2 ball pythons
  6 bats
  2 giant cockroaches
  7 goblins
  3 hobgoblins
  2 jackals (D:3)
  6 kobolds
  5 quokkas
  3 giant newts
  21 rats
69 creatures vanquished.

Notes
Turn   | Place    | Note
--------------------------------------------------------------
     0 | D:1      | Kashira, the Naga Enchanter, began the quest for the Orb.
     0 | D:1      | Reached XP level 1. HP: 15/15 MP: 3/3
   128 | D:1      | Reached XP level 2. HP: 17/22 MP: 2/4
   291 | D:1      | Reached skill level 5 in Stealth
   296 | D:1      | Reached XP level 3. HP: 19/28 MP: 6/6
   373 | D:1      | Learned a level 3 spell: Dazzling Spray
   654 | D:2      | Found a shattered altar of Ashenzari.
   657 | D:2      | Found an ancient bone altar of Kikubaaqudgha.
   657 | D:2      | Found an iron altar of Okawaru.
   832 | D:2      | Reached XP level 4. HP: 28/36 MP: 0/8
  1096 | D:2      | Noticed Ijyb
  1741 | D:3      | Found a sparkling altar of Nemelex Xobeh.
  1839 | D:3      | Reached XP level 5. HP: 42/42 MP: 2/10
  2546 | D:4      | Noticed Dowan
  2546 | D:4      | Noticed Duvessa
  2547 | D:4      | Killed from afar by Dowan

Action                   |  1- 3 |  4- 6 || total
-------------------------+-------+-------++-------
Melee: Dagger            |    58 |    12 ||    70
 Cast: Corona            |    14 |       ||    14
       Dazzling Spray    |     5 |    19 ||    24
 Abil: Spit Poison       |    41 |    40 ||    81
  Use: Scroll            |       |     4 ||     4
 Stab: Invisible         |       |     1 ||     1
  Eat: Chunk             |     1 |     5 ||     6
       Meat ration       |     1 |     1 ||     2
